 Dungeon Crawl Stone Soup version 0.30-a0-986-g7f2e898f52 (webtiles) character file.

Game seed: 14369048909179741661

550 MackTheKnife the Vexing (level 7, -4/51 HPs)
             Began as a Vampire Wanderer on Apr 1, 2023.
             Splashed by a jelly's acid (7 damage)
             ... on level 5 of the Dungeon.
             The game lasted 00:05:38 (3851 turns).

MackTheKnife the Vexing (Vampire Wanderer)          Turns: 3851, Time: 00:05:39

Health: -4/51      AC:  2    Str: 21    XL:     7   Next: 7%
Magic:  12/12      EV: 11    Int: 16    God:
Gold:   309        SH:  0    Dex: 16    Spells: 9/13 levels left

rFire   . . .      SeeInvis +      - Unarmed
rCold   . . .      Faith    .    (no shield)
rNeg    . . .      Spirit   .    c - +0 leather armour
rPois   .          Reflect  .    u - +1 helmet
rElec   .          Rampage  .    (no cloak)
rCorr   .                        x - +0 pair of gloves
Will    .....                    (no boots)
Stlth   ++                       (no amulet)
HPRegen 0.48/turn                r - +6 ring of strength
MPRegen 0.13/turn                v - +6 ring of strength

@: corroded, healing quickly
A: alive, fangs 3, see invisible, vampiric 2
a: Exsanguinate


You were on level 5 of the Dungeon.
You visited 1 branch of the dungeon, and saw 5 of its levels.

You collected 309 gold pieces.


Innate Abilities, Weirdness & Mutations

Your natural rate of healing is accelerated.
You have razor-sharp teeth.
You have supernaturally acute eyesight. (SInv)
You are afflicted with vampirism and can become a bat while bloodless.


   Skills:
 + Level 2.6 Fighting
 + Level 0.4 Dodging
 - Level 3.0 Stealth
 + Level 5.3 Unarmed Combat
 - Level 3.8 Spellcasting
 - Level 6.7 Hexes


You had 9 spell levels left.
You knew the following spells:

 Your Spells              Type           Power      Damage    Failure   Level
a - Slow                  Hex            96%        N/A       1%          1
b - Tukima's Dance        Hex            24%        N/A       3%          3

Your spell library contained the following spells:

 Spells                   Type           Power      Damage    Failure   Level
 Dazzling Flash           Conj/Hex       26%        N/A       16%         3
 Cigotuvi's Dreadful Rot  Necr/Pois/Air  6%         N/A       30%         2
 Poisonous Vapours        Pois/Air       6%         N/A       30%         2
 Mephitic Cloud           Conj/Pois/Air  3%         N/A       52%         3
 Silence                  Hex/Air        6%         N/A       80%         5
 Agony                    Necr           3%         N/A       99%         5

Inventory:

Armour
 c - a +0 leather armour (worn)
   (You took it off a kobold on level 2 of the Dungeon)
 h - a +1 kite shield of reflection
   (You found it on level 1 of the Dungeon)
 u - a +1 helmet (worn)
   (You took it off Robin on level 2 of the Dungeon)
 x - a +0 pair of gloves (worn)
   (You found it on level 3 of the Dungeon)
Jewellery
 r - a +6 ring of strength (left hand)
   (You found it on level 2 of the Dungeon)
 v - a +6 ring of strength (right hand)
   (You found it on level 3 of the Dungeon)
 y - a ring of willpower
   (You found it on level 3 of the Dungeon)
Scrolls
 d - a scroll of silence {!r}
 g - a scroll of butterflies {unknown}
 i - 3 scrolls of amnesia
 j - a scroll of brand weapon
 l - 2 scrolls of enchant weapon
 n - a scroll of teleportation {@r4}
 t - 2 scrolls of fog
 w - a scroll of magic mapping {!r}
 z - a scroll of blinking {!r}
Potions
 a - 2 potions of might
 b - a potion of berserk rage {!q}
 e - a potion of heal wounds {unknown}
 f - a potion of haste {@q3}
 k - a potion of magic {unknown}
 m - a potion of mutation {unknown}
 o - 2 potions of lignification {!q}
 p - a potion of flight {unknown}
 q - a potion of attraction {unknown}
 A - a potion of curing {@q1}

Dungeon Overview and Level Annotations

Branches:
Dungeon (5/15) Zot: 26171
 Temple: D:4-7

Altars:
Cheibriados
Sif Muna
Trog

Shops:
D:4

(: ## .# .. .#
.###. ###.##
..........#
##...#....####.
.#....#.#.......
................
.......)[J......
#......)@#..PJP
#.....##.# .l.
#..#.....#
.P.#######
#.........
.h.......#
#..##......
.........# #..
#..#.##.
.......<.# ..
#..#..
...O.......#
.?....
..........#
+...###
..........


You could see a jelly.


Message History

There is a stone staircase leading up, spattered with blood here. 😕 HP[-2]
You take 2 damage, and now have 49/51 hp.
Unknown command.
You barely miss the orc. You barely miss the orc. The orc misses you. 😕 HP[+1]
The orc shouts!
You hit the orc but do no damage. Your punch misses the orc.
The orc closely misses you.
You hit the orc. The orc closely misses you. 😎 HP[+1]
Your hp is fully restored (51).
You barely miss the orc.
The orc hits you with a +0 hand axe. 😕 HP[-2]
You take 2 damage, and now have 49/51 hp.
You closely miss the orc.
The orc priest hits you but does no damage.
The orc hits you with a +0 hand axe.
You completely miss the orc.
The orc priest begins to cast a cantrip, but forgets the words!
The orc barely misses you.
You hit the orc.
You kill the orc!
The orc priest hits you with a +0 hand axe. 😕 HP[-6]
You take 6 damage, and now have 43/51 hp.
You closely miss the orc priest.
The orc priest mumbles some strange prayers to Beogh against you.
Pain shoots through your body!
The orc hits you but does no damage. 😮 HP[-11]
You take 11 damage, and now have 32/51 hp.
MASSIVE DAMAGE!! (PAUSE)
You hit the orc priest but do no damage.
The orc hits you but does no damage. The orc priest barely misses you.
You hit the orc priest but do no damage. 😮 HP[+1]
You closely miss the orc priest.
The orc priest hits you with a +0 hand axe.
The orc barely misses you. 😮 HP[-4]
You take 4 damage, and now have 29/51 hp.
You hit the orc priest.
You punch the orc priest, but do no damage.
The orc priest hits you but does no damage.
The orc hits you with a +0 dagger.
You hit the orc priest. Your bite misses the orc priest.
The orc priest hits you with a +0 hand axe.
The orc hits you but does no damage. 😮 HP[-2]
You take 2 damage, and now have 27/51 hp.
You punch the orc priest! You bite the orc priest.
The orc priest hits you but does no damage.
The orc hits you but does no damage. 😮 HP[+1]
You completely miss the orc priest.
The orc priest mumbles some strange prayers to Beogh against you.
Beogh smites you!
* * * LOW HITPOINT WARNING * * *
The orc hits you but does no damage. 😨 HP[-11]
You take 11 damage, and now have 17/51 hp.
MASSIVE DAMAGE!! (PAUSE)
You hit the orc priest but do no damage.
The orc priest mumbles some strange prayers to Beogh against you.
Beogh smites you!
* * * LOW HITPOINT WARNING * * *
The orc hits you but does no damage. 😱 HP[-13]
You take 13 damage, and now have 4/51 hp.
MASSIVE DAMAGE!! (PAUSE)
You hit the orc priest.
You kill the orc priest!
The orc hits you with a +0 dagger.
* * * LOW HITPOINT WARNING * * *
😱 HP[-1]
You take 1 damage, and now have 3/51 hp.
Unknown command.
You closely miss the orc. Your bite misses the orc. The orc closely misses you.
You hit the orc. The orc closely misses you. 😱 HP[+1]
You punch the orc!
You kill the orc!
You see here a +0 dagger {short}. 😱 HP[+1]
You start resting.
A jelly is nearby! 😱 HP[+1]
The jelly closely misses you.
There is a stone staircase leading up, spattered with blood here.
You punch the jelly!
Your hands burn!
* * * LOW HITPOINT WARNING * * *
You punch the jelly. The jelly hits you but does no damage.
You barely miss the jelly. You hit the jelly.
Your hands burn!
* * * LOW HITPOINT WARNING * * *
The jelly hits you.
* * * LOW HITPOINT WARNING * * *
The acid corrodes you!
You are splashed with acid!
You die...

Skill      XL: |  1  2  3  4  5  6 |
---------------+-------------------+-----
Unarmed Combat | 4 5 |  5.3
Fighting       | 2 |  2.6
Hexes          | 5 6 |  6.7
Spellcasting   | 2 3 |  3.8
Dodging        | |  0.4
Stealth        | |  3.0

Action                     |  1- 3 |  4- 6 |  7- 9 || total
---------------------------+-------+-------+-------++-------
  Melee: Unarmed           |   142 |   168 |    24 ||   334
         Bite              |    16 |    22 |     1 ||    39
         Punch             |     1 |     7 |     2 ||    10
    Use: Scroll            |       |    11 |       ||    11
   Stab: Sleeping          |     2 |     6 |       ||     8
 Armour: Robe              |    42 |       |       ||    42
         Leather armour    |       |    52 |    10 ||    62
  Dodge: Dodged            |    88 |    90 |    10 ||   188

Levels and vault maps discovered:
D:1:      evilmike_arrival_crescent, layout_loops_ring, minmay_misc_feat_tower
D:2:      layout_rooms, kennysheep_minor_cross, minmay_tromino_v7, uniq_robin
D:3:      layout_basic, jmf_multi_god_temple, ebering_ecumenical_altar_ruins
D:4:      layout_gridville, serial_shops, shop_fountains, st_stairs_2,
          minmay_misc_feat_rows, nicolae_shop_i_like_big_books
D:5:      layout_basic, nicolae_overflow_hidden_temple, zin_treasury,
          trog_ov_bears_minmay, kennysheep_mini, kennysheep_nondescript,
          st_stairs_1, uniq_grinder, uniq_edmund

Notes
Turn   | Place    | Note
-------+----------+-------------------------------------------
     0 | D:1      | MackTheKnife the Vampire Wanderer began the quest for the
                  | Orb.
     0 | D:1      | MackTheKnife set off with the following items: a +0 dagger
                  | {short}, a potion of berserk rage {!q}, a +0 helmet, a
                  | scroll of silence {!r}, a +0 robe, a potion of haste {@q3};
                  | and the following spell memorised: Slow; and the following
                  | spells available to memorise: Tukima's Dance.
     0 | D:1      | Reached XP level 1. HP: 16/16 MP: 2/2
     0 | D:1      | magus.rc [v1.9.6]
   284 | D:1      | Reached XP level 2. HP: 22/22 MP: 3/3
   315 | D:1      | Reached skill level 4 in Unarmed Combat
   824 | D:2      | You pick up a book of the Senses and begin reading...
   824 | D:2      | You add the spells Dazzling Flash, Agony and Silence to
                  | your library.
   838 | D:2      | Gained mutation: You are afflicted with vampirism and can
                  | become a bat while bloodless. [Vampire growth]
   838 | D:2      | Reached XP level 3. HP: 27/27 MP: 4/4
   935 | D:2      | Learned a level 3 spell: Tukima's Dance
   983 | D:2      | You pick up a book of Vapours and begin reading...
   983 | D:2      | You add the spells Poisonous Vapours, Cigotuvi's Dreadful
                  | Rot and Mephitic Cloud to your library.
  1090 | D:2      | Noticed Robin
  1361 | D:2      | Killed Robin
  1362 | D:2      | Reached XP level 4. HP: 23/33 MP: 6/6
  1984 | D:3      | Found a shimmering blue altar of Sif Muna.
  1984 | D:3      | Found a snail-covered altar of Cheibriados.
  2038 | D:3      | Reached skill level 2 in Fighting
  2038 | D:3      | Reached skill level 5 in Unarmed Combat
  2265 | D:3      | Found a faded altar of an unknown god.
  2540 | D:4      | HP: 8/34 [orc/+2 hand axe of electrocution (16)]
  2546 | D:4      | HP: 7/34 [orc/+0 war axe (3)]
  2722 | D:4      | Found Wiyf's Tremendous Tomes.
  2765 | D:4      | Reached XP level 5. HP: 23/39 MP: 7/7
  2980 | D:4      | Reached skill level 4 in Hexes
  2993 | D:4      | Reached skill level 2 in Spellcasting
  3078 | D:4      | Reached skill level 5 in Hexes
  3144 | D:4      | Found Nouryps's Weapon Shop.
  3150 | D:4      | Reached XP level 6. HP: 46/46 MP: 10/10
  3485 | D:5      | Entered Level 5 of the Dungeon
  3485 | D:5      | Found a bloodstained altar of Trog.
  3591 | D:4      | Reached skill level 3 in Spellcasting
  3722 | D:4      | Reached skill level 6 in Hexes
  3801 | D:4      | Reached XP level 7. HP: 41/51 MP: 12/12
  3840 | D:5      | HP: 4/51 [orc priest/divine providence (13)]
  3849 | D:5      | HP: 5/51 [acid (1)]
  3851 | D:5      | Splashed by a jelly's acid

Vanquished Creatures
  2 black bears (D:4)
  2 orc priests
  4 iguanas (D:4)
  2 orc wizards
  Robin (D:2)
  2 adders (D:4)
  3 worms
  4 dart slugs
  11 orcs
  4 bats
  4 endoplasms
  4 giant cockroaches
  11 goblins
  10 hobgoblins
  2 jackals (D:1)
  3 quokkas
  13 ball pythons
  A frilled lizard (D:3)
  14 kobolds
  6 rats
103 creatures vanquished.

Table legend:
 A = Non-vault XP
 B = Vault XP
 C = Vault XP percentage of total XP
 D = Non-vault monster count
 E = Vault monster count
 F = Vault count percentage of total count
                 A         B        C        D         E       F
            +---------+---------+-------+---------+---------+-------
      Total |     464 |     323 |  41.0 |      81 |      22 |  21.4
            +---------+---------+-------+---------+---------+-------
        D:1 |      24 |       0 |   0.0 |      15 |       0 |   0.0
        D:2 |      33 |      42 |  56.0 |      15 |      16 |  51.6
        D:3 |      65 |       3 |   4.4 |      15 |       2 |  11.8
        D:4 |     293 |     278 |  48.7 |      33 |       4 |  10.8
        D:5 |      49 |       0 |   0.0 |       3 |       0 |   0.0
            +---------+---------+-------+---------+---------+-------

Illustrated notes

Table legend:
 A = Kills in this place as a percentage of kills in the entire game.
 B = Kills by you in this place as a percentage of kills by you in the entire game.
 C = Kills by friends in this place as a percentage of kills by friends in the entire game.
 D = Other kills in this place as a percentage of other kills in the entire game.
 E = Experience gained in this place as a percentage of experience gained in the entire game.
 F = Experience gained in this place divided by the number of levels of this place that you have seen.
                   A       B       C       D       E      F
               +-------+-------+-------+-------+-------+----------------------
         Total | 100.0 | 100.0 |   N/A |   N/A | 100.0 | 157.4
       Dungeon | 100.0 | 100.0 |   N/A |   N/A | 100.0 | 157.4
               +-------+-------+-------+-------+-------+----------------------

Table legend: (Time is in decaauts)
 A = Elapsed time spent in this place.
 B = Non-inter-level travel time spent in this place.
 C = Inter-level travel time spent in this place.
 D = Time resting spent in this place.
 E = Time spent auto-exploring this place.
 F = Levels seen in this place.
 G = Mean time per level.
                   A        B        C        D        E       F      G
               +--------+--------+--------+--------+--------+-----+--------+
         Total |   3827 |   3582 |    245 |    663 |   2152 |   5 |  765.4 |
       Dungeon |   3827 |   3582 |    245 |    663 |   2152 |   5 |  765.4 |
               +--------+--------+--------+--------+--------+-----+--------+

Top non-repeatable levels by time:
     D:4: 1321 daAuts
     D:3: 1042 daAuts
     D:1: 725 daAuts
     D:2: 687 daAuts
     D:5: 51 daAuts
